 Dungeon Crawl Stone Soup version 0.26-a0-1139-g7d2dc893a1 (webtiles) character file.

Game seed: 8568732527416666225

15 runemasterragnar the Vexing (level 2, 0/16 HPs)
             Began as a Kobold Arcane Marksman on Dec 22, 2020.
             Killed from afar by a dart slug (5 damage)
             ... with a slug dart
             ... on level 1 of the Dungeon.
             The game lasted 00:00:55 (295 turns).

runemasterragnar the Vexing (Kobold Arcane Marksman) Turns: 295, Time: 00:00:56

Health: 0/16       AC:  2    Str:  7    XL:     2   Next: 65%
Magic:  3/3        EV: 15    Int: 14    God:
Gold:   31         SH:  0    Dex: 15    Spells: 2/3 levels left

rFire    . . .     SeeInvis .   c - +0 short sword (holy)
rCold    . . .     Faith    .   (shield restricted)
rNeg     . . .     Spirit   .   e - +0 robe
rPois    .         Reflect  .   (no helmet)
rElec    .         Harm     .   (no cloak)
rCorr    .         Rampage  .   (no gloves)
Will     .....                  (no boots)
Stlth    +++.......             (no amulet)
HPRegen  0.05/turn              (no ring)
MPRegen  0.08/turn              (no ring)

@: no status effects
A: small, nightstalker 3
a: no special abilities


You were on level 1 of the Dungeon.
You visited 1 branch of the dungeon, and saw 1 of its levels.

You collected 31 gold pieces.

Inventory:

Hand Weapons
 a - a +0 hand crossbow
 c - a +0 short sword of holy wrath (weapon)
Missiles
 d - 20 bolts
Armour
 e - a +0 robe (worn)
Scrolls
 f - a scroll of identify {unknown}
Potions
 b - a potion of flight {unknown}


   Skills:
 + Level 1.3 Fighting
 + Level 0.1 Short Blades
 * Level 2.9 Crossbows
 + Level 2.5 Dodging
 + Level 0.8 Stealth
 + Level 1.2 Spellcasting
 * Level 3.2 Hexes


You had 2 spell levels left.
You knew the following spells:

 Your Spells              Type           Power        Failure   Level
a - Corona                Hex            10%          7%          1

Your spell library contained the following spells:

 Spells                   Type           Power        Failure   Level
 Slow                     Hex            9%           11%         2
 Inner Flame              Hex/Fire       5%           38%         3
 Portal Projectile        Hex/Tloc       10%          38%         3
 Cause Fear               Hex            4%           56%         4
 Leda's Liquefaction      Hex/Erth       2%           80%         4


Dungeon Overview and Level Annotations

Branches:
Dungeon (1/15)

Altars:


Innate Abilities, Weirdness & Mutations

You are small and have problems with some larger weapons.
You are completely attuned to the shadows.


Message History

The slug dart hits you. The dart slug launches a dart at you.
The slug dart hits you.
A dart slug is nearby!
You are too injured to fight recklessly!
You are too injured to fight recklessly!
A dart slug is nearby!
A dart slug is nearby!
You are too injured to fight recklessly!
You are too injured to fight recklessly!
You hit the dart slug.
The dart slug is heavily wounded.
You hit the dart slug.
The dart slug is almost dead.
The dart slug barely misses you.
You hit the dart slug but do no damage.
The dart slug is almost dead.
The dart slug launches a dart at you. The slug dart hits you.
You die...

#.##.#
≈..≈≈≈≈≈..#........
####..#.#
≈≈..≈≈≈..≈#........
......#.#
≈≈≈.....≈≈#........
####..#.####
≈≈≈≈≈##........
#.........#
###############
#.#.......+
#.#.#.....#### #
#.#.#........####.#
#.#.#..#####...@w.#
#.#.>. ######## #.#
#..


You could see a dart slug.

Vanquished Creatures
  A dart slug (D:1)
  A ball python (D:1)
  A goblin (D:1)
  2 jackals (D:1)
  3 kobolds (D:1)
  A bat (D:1)
  A frilled lizard (D:1)
  3 rats (D:1)
13 creatures vanquished.

Notes
Turn   | Place    | Note
-------+----------+-------------------------------------------
     0 | D:1      | runemasterragnar the Kobold Arcane Marksman began the quest
                  | for the Orb.
     0 | D:1      | Reached XP level 1. HP: 12/12 MP: 2/2
    66 | D:1      | Reached XP level 2. HP: 16/16 MP: 3/3
   295 | D:1      | Killed from afar by a dart slug

Illustrated notes

Levels and vault maps discovered:
D:1:      psy_arrival_whirlpool, layout_basic

Action                   || total
-------------------------++-------
Melee: Short sword       ||    18
 Fire: Hand crossbow     ||    12
 Stab: Sleeping          ||     1
Armor: Robe              ||     3
Dodge: Dodged            ||    21

Table legend: (Time is in decaauts)
 A = Elapsed time spent in this place.
 B = Non-inter-level travel time spent in this place.
 C = Inter-level travel time spent in this place.
 D = Time resting spent in this place.
 E = Time spent auto-exploring this place.
 F = Levels seen in this place.
 G = Mean time per level.
                   A        B        C        D        E       F      G
               +--------+--------+--------+--------+--------+-----+--------+
         Total |    302 |    302 |      0 |      0 |    227 |   1 |  302.0 |
       Dungeon |    302 |    302 |      0 |      0 |    227 |   1 |  302.0 |
               +--------+--------+--------+--------+--------+-----+--------+

Top non-repeatable levels by time:
     D:1: 302 daAuts
